Map: Fields of Death

Players

Grumm - Winner!

  • Race: Terran Terran
  • League: Gold

SpaceBooger - Winner!

  • Race: Protoss Protoss

A.I. 2 (Medium)

  • Race: Protoss Protoss

A.I. 3 (Hard)

  • Race: Terran Terran

VOD

Have the link to the VOD?

Description

Time

  • Played on: Jan. 15, 2016, 4:49 p.m.
  • Length: 15:59
Show
View Real Time Build Order
Export as new Build Order

Grumm Terran - Winner!

Build Orders:  

Get SALT Encoding   

  12  0:11  SCV  
  13  0:31  Supply Depot  
  13  0:36  SCV  
  14  0:50  SCV  
  14  0:55  Barracks  
  15  0:57  Barracks  
  15  1:02  SCV  
  16  1:06  Supply Depot  
  16  1:24  Refinery  
  16  1:25  SCV  
  17  1:27  Refinery  
  17  1:37  SCV  
  18  1:44  Marine  
  18  1:45  Marine  
  20  1:55  Orbital Command  
  20  2:02  Marine x2  
  22  2:18  Supply Depot  
  22  2:20  Marine, Reaper  
  24  2:33  SCV  
  25  2:38  Reaper  
  26  2:56  Barracks Reactor  
  26  3:10  Marine  
  26  3:19  Bunker  
  25  3:28  Marine  
  25  3:32  Bunker  
  26  3:36  Marine  
  26  3:37  Marine  
  28  3:43  Supply Depot  
  28  3:46  Marine  
  29  3:54  Marine x2  
  30  4:04  Marine  
  27  4:21  Marine  
  28  4:26  Marine x2  
  30  4:32  Bunker  
  30  4:40  Barracks Tech Lab  
  30  4:44  Marine  
  31  4:47  Factory  
  30  5:18  Marauder  
  30  5:19  Marine x2  
  34  5:26  Concussive Shells  
  33  5:37  Marine x2  
  33  5:39  Marauder, SCV  
  38  5:51  SCV  
  38  5:54  Marine  
  38  5:55  Marine  
  41  6:00  Marauder  
  43  6:12  Marine x2  
  45  6:22  Marauder  
  46  6:26  Command Center  
  46  6:40  Starport  
  46  6:43  SCV  
  47  7:13  Supply Depot  
  47  7:17  Supply Depot  
  47  7:18  Liberator  
  47  7:35  Marauder, Marine x2  
  54  7:47  Starport  
  54  7:53  Marine x2  
  54  7:57  Marauder  
  54  7:58  Orbital Command  
  58  8:10  Marine x2  
  58  8:11  Engineering Bay  
  60  8:18  Marauder  
  62  8:22  Liberator x2  
  56  8:39  Marauder  
  58  9:14  Sensor Tower  
  58  9:22  Medivac x2  
  62  9:25  Supply Depot  
  62  9:59  Liberator x2  
  62  10:02  Bunker  
  68  10:41  Liberator  
  68  10:42  Liberator  
  68  10:49  Hi-Sec Auto Tracking  
  59  12:34  Marine x3  
  59  12:52  Marine x3  
  62  13:09  Marine  
  62  13:10  Marine  
  64  14:21  Liberator x2  
Show
View Real Time Build Order
Export as new Build Order

SpaceBooger Protoss - Winner!

Build Orders:  

Get SALT Encoding   

  12  0:19  Probe (Chrono Boost)  
  13  0:30  Probe (Chrono Boost)  
  13  0:32  Pylon  
  14  0:40  Probe (Chrono Boost)  
  15  0:51  Probe (Chrono Boost)  
  15  0:54  Pylon  
  15  0:57  Pylon  
  16  1:08  Gateway  
  16  1:11  Gateway  
  16  1:29  Assimilator  
  16  1:32  Probe (Chrono Boost)  
  17  1:34  Assimilator  
  17  1:59  Pylon  
  17  2:04  Pylon  
  17  2:14  Gateway  
  17  2:16  Zealot x2  
  21  2:34  Probe (Chrono Boost)  
  22  2:43  Zealot x2  
  26  2:45  Probe (Chrono Boost)  
  26  2:50  Cybernetics Core  
  27  2:55  Probe (Chrono Boost)  
  28  3:06  Probe (Chrono Boost)  
  28  3:12  Forge  
  29  3:16  Probe (Chrono Boost), Zealot x2  
  34  3:39  Warp Gate (Chrono Boost)  
  34  3:45  Zealot x2  
  34  3:46  Zealot  
  40  3:53  Protoss Ground Weapons Level 1  
  40  4:41  Nexus  
  34  5:48  Protoss Ground Armor Level 1 (Chrono Boost)  
  34  5:55  Pylon  
  34  5:59  Nexus  
  34  6:05  Pylon  
  34  6:09  Pylon  
  34  6:11  Pylon  
  34  6:18  Pylon, Probe  
  35  6:29  Probe  
  36  6:39  Probe  
  37  6:47  Gateway  
  37  6:50  Probe  
  37  6:51  Gateway  
  38  6:56  Photon Cannon  
  38  6:57  Photon Cannon  
  38  7:01  Probe  
  39  7:33  Pylon  
  39  7:40  Protoss Shields Level 1 (Chrono Boost)  
  39  7:50  Stalker x2  
  43  7:51  Stalker  
  43  7:56  Probe  
  46  8:01  Assimilator  
  46  8:06  Assimilator  
  46  8:08  Probe  
  46  8:10  Pylon  
  46  8:12  Pylon  
  47  8:15  Pylon  
  47  8:18  Pylon  
  47  8:20  Probe  
  47  8:24  Probe  
  49  8:33  Probe  
  50  8:35  Probe, Sentry  
  50  8:36  Sentry x2  
  50  8:38  Stalker  
  50  8:39  Stalker  
  59  8:45  Probe  
  54  8:56  Probe  
  55  9:06  Probe  
  56  9:14  Twilight Council  
  56  9:53  Robotics Facility  
  56  9:55  Stargate  
  56  10:00  Dark Shrine  
  56  10:06  Templar Archives  
  56  10:10  Assimilator  
  56  10:15  Assimilator  
  56  10:19  Zealot x2  
  56  10:20  Zealot x3  
  66  10:39  Gateway  
  66  10:43  Gateway  
  66  10:48  Gateway  
  66  10:49  Immortal  
  70  10:53  Mothership Core  
  72  11:05  Protoss Ground Weapons Level 2 (Chrono Boost)  
  72  11:28  Dark Templar x2, Immortal  
  72  11:29  Dark Templar  
  82  11:47  Probe  
  83  11:57  Probe  
  84  12:02  Adept  
  84  12:03  Adept x2  
  84  12:04  Adept  
  84  12:05  Adept  
  84  12:08  Probe  
  95  12:18  Probe  
  96  12:29  Probe  
  95  12:38  Dark Templar x2  
  95  12:39  Stalker  
  95  12:40  Stalker x2  
  97  13:00  Stalker  
  97  13:01  Stalker x2  
  97  13:03  Protoss Ground Armor Level 2 (Chrono Boost)  
  97  13:04  Stalker  
  97  13:05  Stalker x2  
  107  13:57  Mothership Core  
  109  14:42  Stalker  
  109  14:43  Stalker x3  
  109  14:44  Stalker  
  109  14:45  Stalker  
  121  14:46  Stalker  
  121  14:47  Stalker  
  125  15:17  Zealot  
  125  15:18  Zealot x2  
  125  15:19  Zealot x3  
  125  15:20  Zealot x2  
Show
View Real Time Build Order
Export as new Build Order

A.I. 2 (Medium) Protoss 

Build Orders:  

Get SALT Encoding   

  12  0:01  Probe (Chrono Boost)  
  13  0:11  Probe (Chrono Boost)  
  14  0:19  Pylon  
  14  0:22  Probe (Chrono Boost)  
  15  0:37  Probe (Chrono Boost)  
  15  0:39  Gateway  
  16  0:47  Assimilator  
  16  0:48  Probe (Chrono Boost)  
  17  0:58  Probe (Chrono Boost)  
  17  1:00  Pylon  
  18  1:29  Gateway  
  18  1:31  Cybernetics Core  
  18  1:34  Assimilator  
  18  1:37  Zealot  
  20  2:02  Zealot  
  20  2:03  Warp Gate  
  20  2:08  Pylon  
  22  2:15  Stalker  
  24  2:28  Stalker  
  26  2:38  Probe (Chrono Boost)  
  27  2:44  Stalker  
  27  2:50  Probe (Chrono Boost)  
  30  2:56  Stalker  
  30  2:58  Pylon  
  30  3:02  Probe (Chrono Boost)  
  33  3:12  Forge  
  34  3:14  Probe (Chrono Boost)  
  34  3:25  Probe (Chrono Boost)  
  35  3:37  Probe (Chrono Boost)  
  36  4:06  Zealot  
  28  4:19  Stalker  
  26  4:32  Stalker  
  28  4:45  Stalker  
  30  4:58  Stalker  
  26  5:11  Zealot  
  26  5:13  Probe (Chrono Boost)  
  27  5:17  Pylon  
  26  5:23  Stalker  
  26  5:24  Probe (Chrono Boost)  
  30  5:35  Probe (Chrono Boost)  
  30  5:36  Stalker  
  30  5:37  Robotics Facility  
  30  5:49  Stalker  
  32  5:56  Pylon, Nexus  
  32  6:02  Stalker  
  34  6:15  Sentry  
  36  6:24  Observer  
  36  6:28  Adept  
  36  6:32  Photon Cannon  
  38  6:40  Photon Cannon  
  38  6:41  Adept  
  38  6:45  Observer  
  41  6:51  Stargate  
  41  6:54  Zealot  
  43  7:01  Twilight Council  
  43  7:06  Zealot  
  45  7:09  Probe (Chrono Boost)  
  45  7:12  Probe (Chrono Boost)  
  47  7:19  Stalker  
  47  7:20  Probe (Chrono Boost)  
  48  7:23  Probe (Chrono Boost)  
  48  7:32  Probe (Chrono Boost), Sentry  
  48  7:34  Probe (Chrono Boost)  
  51  7:43  Probe (Chrono Boost)  
  51  7:44  Pylon  
  51  7:45  Probe (Chrono Boost)  
  52  7:54  Probe (Chrono Boost)  
  52  7:55  Pylon  
  52  7:56  Probe (Chrono Boost)  
  54  8:04  Probe (Chrono Boost)  
  55  8:07  Gateway, Probe (Chrono Boost)  
  56  8:15  Probe (Chrono Boost)  
  56  8:18  Probe (Chrono Boost)  
  58  8:25  Photon Cannon  
  58  8:26  Probe (Chrono Boost)  
  59  8:28  Stalker  
  59  8:29  Probe (Chrono Boost)  
  56  8:36  Probe (Chrono Boost)  
  56  8:41  Stalker, Probe (Chrono Boost)  
  48  8:48  Probe (Chrono Boost)  
  47  8:51  Probe (Chrono Boost)  
  47  8:54  Sentry  
  45  8:59  Probe (Chrono Boost)  
  45  9:02  Probe (Chrono Boost)  
  47  9:07  Zealot  
  49  9:10  Probe (Chrono Boost)  
  49  9:13  Probe (Chrono Boost)  
  49  9:19  Adept  
  49  9:22  Probe (Chrono Boost)  
  50  9:24  Probe (Chrono Boost)  
  49  9:32  Stalker  
  49  9:37  Photon Cannon  
  49  9:42  Gateway, Zealot  
  50  9:51  Robotics Facility  
  50  9:52  Stalker  
  51  9:53  Nexus  
  41  10:02  Stalker  
  43  10:12  Stalker  
  43  10:13  Stargate  
  39  10:22  Sentry  
  41  10:32  Adept  
  43  10:42  Stalker  
  43  10:43  Assimilator, Warp Prism  
  47  10:51  Warp Prism  
  47  10:52  Zealot  
  51  10:59  Void Ray  
  47  11:10  Phoenix  
  49  11:19  Observer  
  49  11:22  Zealot  
  51  11:30  Zealot  
  53  11:37  Zealot  
  55  11:40  Void Ray  
  57  11:54  Sentry  
  57  11:56  Assimilator  
  57  11:58  Assimilator  
  55  12:02  Zealot  
  49  12:09  Zealot  
  45  12:16  Zealot  
  47  12:23  Zealot  
  47  12:25  Void Ray  
  45  12:32  Pylon  
  43  12:38  Zealot  
  44  12:45  Zealot  
  39  13:00  Zealot  
  37  13:07  Zealot  
  26  13:28  Probe (Chrono Boost)  
  26  13:31  Probe (Chrono Boost)  
  28  13:38  Probe (Chrono Boost)  
  29  13:41  Probe (Chrono Boost)  
  29  13:49  Probe (Chrono Boost)  
  29  13:52  Probe (Chrono Boost)  
  31  14:00  Probe (Chrono Boost)  
  32  14:03  Pylon, Probe (Chrono Boost)  
  33  14:10  Probe (Chrono Boost)  
  34  14:21  Probe (Chrono Boost)  
  36  14:24  Probe (Chrono Boost)  
  36  14:27  Pylon  
  35  14:47  Probe (Chrono Boost)  
  36  14:53  Pylon  
Show
View Real Time Build Order
Export as new Build Order

A.I. 3 (Hard) Terran 

Build Orders: MMM Bio 

Get SALT Encoding   

  12  0:01  SCV  
  13  0:13  SCV  
  14  0:18  Supply Depot  
  14  0:25  SCV  
  15  0:39  SCV  
  16  0:43  Barracks  
  16  0:50  Refinery  
  16  0:52  SCV  
  17  1:04  SCV  
  18  1:16  SCV  
  19  1:22  Supply Depot  
  19  1:29  SCV  
  19  1:32  Marine  
  21  1:44  Orbital Command, Barracks  
  21  1:50  Barracks Tech Lab  
  21  1:52  Refinery  
  21  2:07  Factory  
  21  2:08  Marine  
  22  2:21  Supply Depot  
  22  2:26  Marine  
  23  2:32  Marine  
  26  2:44  Marauder  
  26  2:54  Hellion  
  26  2:56  Supply Depot  
  28  3:04  Marine  
  29  3:15  Marine  
  30  3:25  Marine  
  31  3:31  Supply Depot  
  31  3:36  Marine  
  31  3:38  SCV  
  33  3:47  Hellion  
  35  3:50  SCV  
  35  3:52  Engineering Bay  
  36  3:59  Marauder  
  36  4:02  SCV  
  39  4:09  Hellion  
  41  4:14  SCV  
  42  4:18  Supply Depot  
  42  4:26  SCV  
  42  4:31  Hellion  
  45  4:52  Hellion  
  47  5:14  Hellion  
  49  5:35  Hellion  
  35  5:40  Marine  
  28  5:56  Hellion  
  30  6:02  Marine  
  31  6:18  Hellion  
  33  6:23  Marine  
  29  6:34  Marine  
  30  6:45  Marine  
  31  6:48  Stimpack, Terran Infantry Weapons Level 1  
  31  6:50  Factory, Factory Tech Lab  
  31  6:52  Marine  
  32  6:54  Starport  
  32  6:55  Command Center  
  32  6:59  Starport  
  32  7:02  Supply Depot  
  32  7:03  Marine  
  35  7:08  Hellion  
  35  7:11  Barracks Tech Lab  
  35  7:20  Marine  
  36  7:28  Combat Shields  
  38  7:30  Hellion  
  38  7:31  Starport Tech Lab  
  38  7:32  Marauder  
  38  7:34  Missile Turret, Factory Tech Lab  
  38  7:36  Starport Tech Lab  
  40  7:38  Reaper  
  40  7:42  Missile Turret  
  41  7:50  Raven  
  43  7:53  Marauder  
  43  7:54  Sensor Tower  
  43  7:55  Raven  
  47  8:03  Bunker  
  47  8:10  Marine  
  48  8:13  SCV  
  48  8:14  Refinery, Marine  
  48  8:15  SCV  
  51  8:26  SCV  
  52  8:27  SCV  
  52  8:29  Marauder  
  52  8:33  Marauder  
  51  8:38  SCV  
  46  8:42  SCV  
  46  8:45  Terran Infantry Armor Level 1  
  46  8:47  Concussive Shells  
  41  8:49  Marine  
  41  8:50  SCV  
  41  8:53  Marine  
  41  8:54  SCV  
  45  9:02  SCV  
  46  9:06  SCV  
  46  9:07  Marine  
  48  9:11  Marine  
  48  9:14  SCV  
  50  9:18  SCV  
  51  9:25  Reaper  
  51  9:26  SCV  
  51  9:30  Marauder, SCV  
  57  9:38  SCV  
  57  9:42  Missile Turret  
  53  9:50  Marine  
  54  9:53  Missile Turret  
  54  9:57  Marine  
  54  9:59  Armory  
  55  10:07  Barracks  
  55  10:08  Marine  
  56  10:14  Bunker  
  56  10:16  Marauder  
  50  10:27  Marauder  
  49  10:37  Reaper  
  49  10:39  Refinery  
  50  10:48  Marauder  
  52  10:52  Medivac  
  52  10:53  Medivac  
  52  10:54  Marine  
  52  10:57  Supply Depot  
  55  11:08  Marine  
  55  11:09  Ghost Academy, Marine  
  57  11:12  Barracks Reactor  
  57  11:17  Command Center  
  56  11:22  Medivac, Raven  
  58  11:26  Marine  
  58  11:27  Marine  
  54  11:39  Hellion  
  50  11:44  Marine, Reaper  
  52  11:48  Hellion  
  52  11:51  Marine  
  52  11:52  Raven  
  55  11:54  Marine  
  56  12:01  Hellion  
  56  12:02  Marine  
  53  12:09  Marine  
  53  12:12  Marine  
  45  12:16  Marine  
  45  12:19  SCV  
  45  12:21  SCV  
  35  12:23  Hellion  
  35  12:29  SCV  
  29  12:31  SCV  
  29  12:33  SCV  
  29  12:35  Marauder  
  32  12:41  SCV  
  31  12:44  Hellion  
  31  12:46  SCV  
  29  12:56  Marauder  
  23  13:06  Hellion  
  23  13:11  SCV  
  24  13:17  Marine  
  26  13:27  SCV  
Tags
 
Add a new tag
Caveats
  • Supply blocks, unpowered buildings, or Contaminate may cause inaccurate times.
  • Supply counts are checked every 10 seconds.